TOP OF THE 1ST |
---|
Hendersonville Hitmen batting - Pitching for Austin River Sharks : RHP António Rijo | Pitching: RHP António Rijo | | Batting: SHB José Estreito | 0-0: Ball 1-0: Ball 2-0: Called Strike 2-1: Ball 3-1: Base on Balls | Batting: SHB Miguel González | 0-0: Ball José Estreito is caught stealing 2nd base 1-0: Ground out U3 (Groundball, 3S) | Batting: LHB Robert Phillips | 0-0: Swinging Strike 0-1: SINGLE (Groundball, 6MD) | Batting: LHB Tommy Payne | 0-0: Ball 1-0: Fly out, F9 (Flyball, 89D) | Top of the 1st over - 0 runs, 1 hit, 0 errors, 1 left on base; Hendersonville 0 - Austin 0 | BOTTOM OF THE 1ST |
---|
Austin River Sharks batting - Pitching for Hendersonville Hitmen : RHP Lee Hecker | Pitching: RHP Lee Hecker | | Batting: LHB Enrico Vargas | 0-0: Called Strike 0-1: Ball 1-1: Ball 2-1: Ball 3-1: Base on Balls | Batting: RHB Richard Coker | 0-0: Called Strike 0-1: Fly out, F9 (Flyball, 9S) | Batting: LHB Greg Nelson | 0-0: Foul Ball, location: 2F 0-1: Foul Ball, location: 2F 0-2: Ground out 4-3 (Groundball, 4S) Enrico Vargas to second | Batting: RHB Edward Young | 0-0: SINGLE (Line Drive, 7S) Enrico Vargas to third Runner from 3rd tries for Home, throw and OUT! | Bottom of the 1st over - 0 runs, 1 hit, 0 errors, 1 left on base; Hendersonville 0 - Austin 0 | TOP OF THE 2ND |
---|
Hendersonville Hitmen batting - Pitching for Austin River Sharks : RHP António Rijo | Batting: LHB Pedro Rodríguez | 0-0: Ball 1-0: Foul Ball, location: 2F 1-1: Foul Ball, location: 2F 1-2: Strikes out swinging | Batting: RHB Felipe Jareño | 0-0: Foul Ball, location: 2F 0-1: Swinging Strike 0-2: Ball 1-2: Ball 2-2: Strikes out swinging | Batting: RHB Ron Glass | 0-0: Ball 1-0: Ball 2-0: Called Strike 2-1: Ball 3-1: Base on Balls | Batting: RHB Jesús Cruz | 0-0: Called Strike 0-1: Foul Ball, location: 2F 0-2: Ball 1-2: Ball 2-2: Strikes out swinging | Top of the 2nd over - 0 runs, 0 hits, 0 errors, 1 left on base; Hendersonville 0 - Austin 0 | BOTTOM OF THE 2ND |
---|
Austin River Sharks batting - Pitching for Hendersonville Hitmen : RHP Lee Hecker | Batting: RHB Pedro Guzmán | 0-0: SINGLE (Groundball, 6MD) | Batting: RHB Tony Cruz | 0-0: Ball 1-0: Called Strike 1-1: Ball 2-1: Foul Ball, location: 2F 2-2: Ball 3-2: Strikes out swinging Pedro Guzmán steals 2nd base Batter strikes out. | Batting: RHB Paul Swift | 0-0: Ball 1-0: Called Strike 1-1: Swinging Strike 1-2: Fly out, F7 (Line Drive, 7) | Batting: LHB José Liñares | 0-0: Fly out, F5 (Popup, 6S) | Bottom of the 2nd over - 0 runs, 1 hit, 0 errors, 1 left on base; Hendersonville 0 - Austin 0 | TOP OF THE 3RD |
---|
Hendersonville Hitmen batting - Pitching for Austin River Sharks : RHP António Rijo | Batting: RHB Boyd Pittman | 0-0: Called Strike 0-1: Ball 1-1: Ball 2-1: Fly out, F3 (Popup, 3SF) | Batting: SHB José Estreito | 0-0: Called Strike 0-1: Ball 1-1: SINGLE (Line Drive, 9S) | Batting: SHB Miguel González | 0-0: Ball 1-0: Swinging Strike 1-1: Ball 2-1: Ball 3-1: Foul Ball, location: 2F 3-2: Grounds into double play, 4-6-3 (Groundball, 34) | Top of the 3rd over - 0 runs, 1 hit, 0 errors, 0 left on base; Hendersonville 0 - Austin 0 | BOTTOM OF THE 3RD |
---|
Austin River Sharks batting - Pitching for Hendersonville Hitmen : RHP Lee Hecker | Batting: RHB Andy Aiton | 0-0: Called Strike 0-1: Foul Ball, location: 2F 0-2: Ball 1-2: Ground out 6-3 (Groundball, 6) | Batting: LHB Enrico Vargas | 0-0: Ball 1-0: Ball 2-0: Ball 3-0: Base on Balls | Batting: RHB Richard Coker | 0-0: Swinging Strike 0-1: Ground out 4-3 (Groundball, 4S) Enrico Vargas to second | Batting: LHB Greg Nelson | 0-0: Called Strike 0-1: Called Strike 0-2: Ground out 4-3 (Groundball, 4) | Bottom of the 3rd over - 0 runs, 0 hits, 0 errors, 1 left on base; Hendersonville 0 - Austin 0 | TOP OF THE 4TH |
---|
Hendersonville Hitmen batting - Pitching for Austin River Sharks : RHP António Rijo | Batting: LHB Robert Phillips | 0-0: Called Strike 0-1: DOUBLE (Flyball, 78XD) | Batting: LHB Tommy Payne | 0-0: Ball 1-0: Ball 2-0: SINGLE (Groundball, 6MD) Robert Phillips to third Runner from 3rd tries for Home, SAFE, throw made home | Batting: LHB Pedro Rodríguez | 0-0: Ball 1-0: Called Strike 1-1: Swinging Strike 1-2: Grounds into double play, 5-4-3 (Groundball, 5) | Batting: RHB Felipe Jareño | 0-0: Swinging Strike 0-1: Ball 1-1: Called Strike 1-2: Ball 2-2: Strikes out swinging | Top of the 4th over - 1 run, 2 hits, 0 errors, 0 left on base; Hendersonville 1 - Austin 0 | BOTTOM OF THE 4TH |
---|
Austin River Sharks batting - Pitching for Hendersonville Hitmen : RHP Lee Hecker | Batting: RHB Edward Young | 0-0: SINGLE (Flyball, 7S) | Batting: RHB Pedro Guzmán | 0-0: Ball 1-0: Called Strike 1-1: Called Strike 1-2: Strikes out swinging | Batting: RHB Tony Cruz | 0-0: Foul Ball, location: 2F 0-1: Called Strike Edward Young is caught stealing 2nd base 0-2: Ball 1-2: Ball 2-2: Ball 3-2: Foul Ball, location: 2F 3-2: Foul Ball, location: 2F 3-2: Ground out 6-3 (Groundball, 6) | Bottom of the 4th over - 0 runs, 1 hit, 0 errors, 0 left on base; Hendersonville 1 - Austin 0 | TOP OF THE 5TH |
---|
Hendersonville Hitmen batting - Pitching for Austin River Sharks : RHP António Rijo | Batting: RHB Ron Glass | 0-0: Ground out 6-3 (Groundball, 56D) | Batting: RHB Jesús Cruz | 0-0: Called Strike 0-1: Fly out, F9 (Flyball, 9LS) | Batting: RHB Boyd Pittman | 0-0: Swinging Strike 0-1: Ball 1-1: Foul Ball, location: 2F 1-2: Ground out 4-3 (Groundball, 4) | Top of the 5th over - 0 runs, 0 hits, 0 errors, 0 left on base; Hendersonville 1 - Austin 0 | BOTTOM OF THE 5TH |
---|
Austin River Sharks batting - Pitching for Hendersonville Hitmen : RHP Lee Hecker | Batting: RHB Paul Swift | 0-0: Ball 1-0: Foul Ball, location: 2F 1-1: Ground out 5-3 (Groundball, 56) | Batting: LHB José Liñares | 0-0: Ball 1-0: Ball 2-0: Ball 3-0: Base on Balls | Batting: RHB Andy Aiton | 0-0: Called Strike 0-1: Ball 1-1: Ball Wild Pitch! José Liñares to second 2-1: Foul Ball, location: 2F 2-2: Foul Ball, location: 2F 2-2: Fly out, F9 (Flyball, 9LSF) | Batting: LHB Enrico Vargas | 0-0: Ball 1-0: Called Strike 1-1: Ball 2-1: Ball 3-1: Base on Balls | Batting: RHB Richard Coker | 0-0: Ball 1-0: Called Strike 1-1: Fly out, F3 (Line Drive, 3S) | Bottom of the 5th over - 0 runs, 0 hits, 0 errors, 2 left on base; Hendersonville 1 - Austin 0 | TOP OF THE 6TH |
---|
Hendersonville Hitmen batting - Pitching for Austin River Sharks : RHP António Rijo | Batting: SHB José Estreito | 0-0: Foul Ball, location: 2F 0-1: Ground out 3-1 (Groundball, 23) | Batting: SHB Miguel González | 0-0: Called Strike 0-1: Ball 1-1: Foul Ball, location: 2F 1-2: Fly out, F7 (Flyball, 7) | Batting: LHB Robert Phillips | 0-0: Foul Ball, location: 2F 0-1: Ball 1-1: Ball 2-1: Foul Ball, location: 2F 2-2: Strikes out looking | Top of the 6th over - 0 runs, 0 hits, 0 errors, 0 left on base; Hendersonville 1 - Austin 0 | BOTTOM OF THE 6TH |
---|
Austin River Sharks batting - Pitching for Hendersonville Hitmen : RHP Lee Hecker | Batting: LHB Greg Nelson | 0-0: Foul Ball, location: 2F 0-1: Ball 1-1: Called Strike 1-2: Fly out, F4 (Popup, 34D) | Batting: RHB Edward Young | 0-0: Ball 1-0: Ball 2-0: Called Strike 2-1: Foul Ball, location: 2F 2-2: Foul Ball, location: 2F 2-2: Ball 3-2: Fly out, F4 (Popup, 4S) | Batting: RHB Pedro Guzmán | 0-0: Swinging Strike 0-1: Foul Ball, location: 2F 0-2: DOUBLE (Flyball, 78D) | Batting: RHB Tony Cruz | 0-0: Foul Ball, location: 2F 0-1: Ball 1-1: Foul Ball, location: 2F 1-2: Ground out 5-3 (Groundball, 56S) | Bottom of the 6th over - 0 runs, 1 hit, 0 errors, 1 left on base; Hendersonville 1 - Austin 0 | TOP OF THE 7TH |
---|
Hendersonville Hitmen batting - Pitching for Austin River Sharks : RHP António Rijo | Batting: LHB Tommy Payne | 0-0: Foul Ball, location: 2F 0-1: Foul Ball, location: 2F 0-2: Strikes out swinging | Batting: LHB Pedro Rodríguez | 0-0: Ball 1-0: Fly out, F6 (Popup, P) | Batting: RHB Felipe Jareño | 0-0: Ball 1-0: Foul Ball, location: 2F 1-1: Ball 2-1: Ball 3-1: DOUBLE (Line Drive, 8LXD) | Pinch Hitting: SHB Rick Turner | 0-0: Swinging Strike 0-1: Ball 1-1: Ball 2-1: Swinging Strike 2-2: Fly out, F7 (Line Drive, 78D) | Top of the 7th over - 0 runs, 1 hit, 0 errors, 1 left on base; Hendersonville 1 - Austin 0 | BOTTOM OF THE 7TH |
---|
Austin River Sharks batting - Pitching for Hendersonville Hitmen : RHP Lee Hecker | Now at 1B: Rick Turner | | Batting: RHB Paul Swift | 0-0: Called Strike 0-1: Ball 1-1: Ball 2-1: Foul Ball, location: 2F 2-2: Foul Ball, location: 2F 2-2: TRIPLE (Line Drive, 9D) | Batting: LHB José Liñares | 0-0: Ground out 4-3 (Groundball, 4) | Batting: RHB Andy Aiton | 0-0: Foul Ball, location: 2F 0-1: Ball 1-1: Ball 2-1: Ground out 6-3 (Groundball, 6MS) | Batting: LHB Enrico Vargas | 0-0: Ball 1-0: Foul Ball, location: 2F 1-1: Ball 2-1: Fly out, F7 (Line Drive, 7S) | Bottom of the 7th over - 0 runs, 1 hit, 0 errors, 1 left on base; Hendersonville 1 - Austin 0 | TOP OF THE 8TH |
---|
Hendersonville Hitmen batting - Pitching for Austin River Sharks : RHP António Rijo | Batting: RHB Jesús Cruz | 0-0: Ball 1-0: Called Strike 1-1: Ball 2-1: Foul Ball, location: 2F 2-2: Fly out, F8 (Flyball, 78D) | Batting: RHB Boyd Pittman | 0-0: Called Strike 0-1: Called Strike 0-2: Strikes out looking | Batting: SHB José Estreito | 0-0: Called Strike 0-1: Ball 1-1: Called Strike 1-2: Strikes out swinging | Top of the 8th over - 0 runs, 0 hits, 0 errors, 0 left on base; Hendersonville 1 - Austin 0 | BOTTOM OF THE 8TH |
---|
Austin River Sharks batting - Pitching for Hendersonville Hitmen : RHP Lee Hecker | Batting: RHB Richard Coker | 0-0: Foul Ball, location: 2F 0-1: Swinging Strike 0-2: Foul Ball, location: 2F 0-2: Ground out 5-3 (Groundball, 56) | Batting: LHB Greg Nelson | 0-0: Called Strike 0-1: Swinging Strike 0-2: Strikes out swinging | Batting: RHB Edward Young | 0-0: Ball 1-0: Ball 2-0: Called Strike 2-1: Called Strike 2-2: Foul Ball, location: 2F 2-2: SINGLE (Flyball, 7S) | Batting: RHB Pedro Guzmán | 0-0: SINGLE (Flyball, 89M) Edward Young to second Runner from 2nd tries for 3rd, SAFE, no throw | Batting: RHB Tony Cruz | 0-0: Called Strike 0-1: Ball 1-1: Ball 2-1: Ball 3-1: Base on Balls Pedro Guzmán to second | Pitching: RHP Mang Tow | | Batting: RHB Paul Swift | 0-0: Called Strike 0-1: Swinging Strike 0-2: Ball 1-2: Strikes out looking | Bottom of the 8th over - 0 runs, 2 hits, 0 errors, 3 left on base; Hendersonville 1 - Austin 0 | TOP OF THE 9TH |
---|
Hendersonville Hitmen batting - Pitching for Austin River Sharks : RHP António Rijo | Batting: SHB Miguel González | 0-0: Foul Ball, location: 2F 0-1: Ball 1-1: Ball 2-1: Ball 3-1: Called Strike 3-2: Foul Ball, location: 2F 3-2: Foul Ball, location: 2F 3-2: Ground out 5-3 (Groundball, 56) | Batting: LHB Robert Phillips | 0-0: Ball 1-0: Called Strike 1-1: Reached on error, E4 (Groundball, 4) | Pitching: RHP Edward Cadle | | Batting: LHB Tommy Payne | Balk! Robert Phillips to second 0-0: Intentional Walk | Pitching: LHP António Bueno | | Batting: LHB Pedro Rodríguez | 0-0: Ball 1-0: Foul Ball, location: 2F 1-1: Foul Ball, location: 2F 1-2: Strikes out swinging | Pitching: RHP Jorge Delgado | | Batting: RHB Felipe Jareño | 0-0: Ball 1-0: Called Strike 1-1: Swinging Strike 1-2: Strikes out swinging | Top of the 9th over - 0 runs, 0 hits, 1 error, 2 left on base; Hendersonville 1 - Austin 0 | BOTTOM OF THE 9TH |
---|
Austin River Sharks batting - Pitching for Hendersonville Hitmen : RHP Mang Tow | Pitching: RHP Matthew Scott | | Batting: LHB José Liñares | 0-0: Ball 1-0: Ball 2-0: SINGLE (Groundball, 34D) | Batting: RHB Andy Aiton | 0-0: Bunt missed! 0-1: Bunted foul 0-2: Foul Ball, location: 2F 0-2: Ball 1-2: Fly out, F9 (Flyball, 9S) | Batting: LHB Enrico Vargas | 0-0: Ball 1-0: Ball 2-0: Called Strike 2-1: Ball 3-1: Base on Balls José Liñares to second | Batting: RHB Richard Coker | 0-0: Swinging Strike 0-1: Ball 1-1: Called Strike 1-2: Ball 2-2: Foul Ball, location: 2F 2-2: Strikes out looking | Batting: LHB Greg Nelson | 0-0: Fly out, F8 (Flyball, 8LS) | Bottom of the 9th over - 0 runs, 1 hit, 0 errors, 2 left on base; Hendersonville 1 - Austin 0 | |